 Dungeon Crawl Stone Soup version 0.26.1-11-gd32895ea62 (webtiles) character file.

Game seed: 13902286667267982350

10374 boopmooplesden the Blocker (level 11, -6/67 HPs)
             Began as a Gargoyle Fighter on July 14, 2021.
             Was a High Priest of Makhleb.
             Killed from afar by a hell hound (14 damage)
             ... with a blast of flame
             ... in a Gauntlet.
             The game lasted 00:23:57 (11640 turns).

boopmooplesden the Blocker (Gargoyle Fighter)      Turns: 11640, Time: 00:23:57

Health: -6/67      AC: 18    Str: 21    XL:     11   Next: 61%
Magic:  11/11      EV: 11    Int:  9    God:    Makhleb [*****.]
Gold:   740        SH: 19    Dex: 11    Spells: 10/10 levels left

rFire    . . .     SeeInvis +   T - +2 flail (vorpal)
rCold    + . .     Faith    .   c - +2 kite shield
rNeg     + . .     Spirit   .   b - +0 scale mail
rPois    ∞         Reflect  +   (no helmet)
rElec    +         Harm     .   s - +0 cloak
rCorr    .         Rampage  .   (no gloves)
Will     .....     NoTele   +   o - +0 pair of boots
Stlth    ..........             L - amulet of reflection
HPRegen  0.21/turn              J - ring "Toabbe Zutt" {+Blink rC+ SInv}
MPRegen  0.12/turn              (no ring)

@: no status effects
A: negative energy resistance 1, electricity resistance, unbreathing,
petrification resistance, miasma immunity, AC +8
a: Renounce Religion, Evoke Blink, Minor Destruction, Lesser Servant of Makhleb,
Major Destruction, Greater Servant of Makhleb


You were in a Gauntlet.
You worshipped Makhleb.
Makhleb was extremely pleased with you.
You visited 1 branch of the dungeon, and saw 11 of its levels.
You also visited: Sewer and Gauntlet.

You collected 740 gold pieces.

Inventory:

Hand Weapons
 q - a +2 war axe of freezing
 S - a +1 mace of distortion
 T - a +2 vorpal flail (weapon)
Armour
 b - a +0 scale mail (worn)
 c - a +2 kite shield (worn)
 o - a +0 pair of boots (worn)
 s - a +0 cloak (worn)
 t - a +0 plate armour
 w - a +4 ring mail
 G - a +0 cloak
 M - a +2 buckler
 Q - the +1 robe "Zitul" {rCorr}
   (You found it on level 9 of the Dungeon)

   It provides partial protection from all sources of acid and corrosion.
 U - a +0 cloak of poison resistance
Jewellery
 H - an uncursed amulet of the acrobat {unknown}
 J - the ring "Toabbe Zutt" (left hand) {+Blink rC+ SInv}
   (You found it on level 9 of the Dungeon)

   [ring of protection from cold]

   It protects you from cold.
   It lets you see invisible.
   It lets you blink.
 L - an amulet of reflection (around neck)
 V - an uncursed amulet of faith {unknown}
Wands
 r - a wand of random effects (20)
 x - a wand of enslavement (1)
 K - a wand of polymorph (7)
 O - a wand of iceblast (8)
Scrolls
 e - 5 scrolls of enchant armour
 f - 11 scrolls of identify
 h - 2 scrolls of blinking
 j - 6 scrolls of teleportation
 p - 6 scrolls of remove curse
 u - a scroll of magic mapping {unknown}
 y - a scroll of random uselessness {unknown}
 B - 2 scrolls of fear
 C - a scroll of fog {unknown}
 E - a scroll of noise {unknown}
 F - a scroll of holy word {unknown}
 I - a scroll of enchant weapon {unknown}
 N - a scroll of immolation {unknown}
 P - a scroll of torment {unknown}
Potions
 a - a potion of berserk rage {unknown}
 d - 4 potions of might
 g - 3 potions of resistance
 i - 4 potions of heal wounds {unknown}
 k - a potion of magic {unknown}
 l - 4 potions of flight {unknown}
 m - 5 potions of brilliance {unknown}
 n - 11 potions of curing {unknown}
 v - 2 potions of mutation {unknown}
 z - 2 potions of invisibility {unknown}
 A - 4 potions of lignification {unknown}
 D - 2 potions of cancellation {unknown}
 R - a potion of haste {unknown}


   Skills:
 + Level 7.3 Fighting
 + Level 10.6 Maces & Flails
 + Level 7.6 Armour
 + Level 4.7 Dodging
 + Level 1.9 Stealth
 + Level 11.4 Shields
 + Level 0.2 Evocations


You had 10 spell levels left.
You didn't know any spells.
Your spell library contained the following spells:

 Spells                   Type           Power        Failure   Level
 Magic Dart               Conj           0%           83%         1
 Blink                    Tloc           N/A          93%         2
 Call Imp                 Summ           0%           93%         2
 Slow                     Hex            0%           93%         2
 Conjure Flame            Conj/Fire      0%           99%         3
 Mephitic Cloud           Conj/Pois/Air  0%           99%         3


Dungeon Overview and Level Annotations

Branches:
Dungeon (11/15)            Temple (0/1) D:5           Sewer (visited)
Gauntlet (1/1)
   Lair: D:8-11         Orc: D:9-12

Altars:
Gozag
Hepliaklqana
Makhleb
Nemelex Xobeh
Trog
Wu Jian
The Shining One

Annotations:
Gauntlet 2 transporters


Innate Abilities, Weirdness & Mutations

You are resistant to torment.
Your stone body is resilient. (AC +8)
You are immune to poison.
You resist negative energy. (rN+)
You are resistant to electric shocks. (rElec)
You can survive without breathing.
You are immune to petrification.
You are immune to miasma.


Message History

The bolt of fire hits the hell hound.
The hell hound completely resists.
The bolt of fire misses the hell hound.
The bolt of fire hits you!!
Found a glowing hat.
You closely miss the hell hound. You block the hell hound's attack.
The efreet gestures at you.
The bolt of fire hits the hell hound.
The hell hound completely resists.
The bolt of fire hits the hell hound.
The hell hound completely resists.
The bolt of fire hits you!!
* * * LOW HITPOINT WARNING * * *
You hit the hell hound.
The hell hound is lightly wounded.
The hell hound bites you!
* * * LOW HITPOINT WARNING * * *
You block the hell hound's attack.
You hit the hell hound but do no damage.
The hell hound is lightly wounded.
The hell hound breathes flames at you.
The blast of flame hits the hell hound.
The hell hound completely resists.
The blast of flame hits you!
You die...

.... .... .8.. ..8.
..... ..... ...## ##...
.#.[ ..#.
...#..####.#...#.≈≈...
...# #...#.#...#.≈.≈≈≈.≈
.8.#.#.@.#.#.8.#≈..≈.≈.≈
...#.#..h#.#...#≈.≈...≈.
...#.####h°#...#©≈.≈≈.≈≈
...#...EhR○#...#Y≈..≈..≈
...#########...#Y.≈≈...≈
.......©.......#########
.8.....8§.§..8......©...
........§........∩..8..∩
≈#§#≈#≈#≈#≈#≈#§§........


You could see an efreet and 2 hell hounds.

Vanquished Creatures
  A hydra (D:11)
  2 two-headed ogres
  2 trolls
  4 orc warriors
  A vampire (D:10)
  9 yaks
  2 wyverns
  A shadow (D:9)
  A vampire mosquito (D:9)
  2 ice beasts
  3 phantoms
  A necrophage (D:7)
  3 black bears
  5 centaurs
  3 ogres
  2 sky beasts
  2 wolves (D:11)
  9 big kobolds
  6 bullfrogs
  4 scorpions
  A wyvern skeleton (D:9)
  6 killer bees (D:10)
  3 wights
  6 howler monkeys
  A centaur zombie (D:10)
  A quasit (D:10)
  6 hounds
  5 jellies
  7 orc wizards
  4 bullfrog skeletons
  A centaur skeleton (D:7)
  3 orc priests
  5 iguanas
  16 worker ants
  A killer bee zombie (D:5)
  A hound zombie (D:10)
  A hound skeleton (D:5)
  A howler monkey zombie (D:6)
  4 gnolls (D:5)
  23 adders
  A river rat (D:3)
  4 white imps
  3 ufetubi
  An ooze (Sewer)
  3 adder skeletons
  9 worms
  A dart slug (D:2)
  12 leopard geckos
  35 orcs
  2 ball pythons (Sewer)
  13 bats
  6 giant cockroaches
  10 goblins
  11 hobgoblins
  4 jackals (D:3)
  39 kobolds
  2 quokkas
  12 frilled lizards
  A jackal skeleton (D:5)
  6 rats
334 creatures vanquished.

Vanquished Creatures (collateral kills)
  2 orc priests (D:7)
  An orc (D:7)
3 creatures vanquished.

Vanquished Creatures (others)
  3 kobolds
  A fungus (Gauntlet)
  17 plants
21 creatures vanquished.

Grand Total: 358 creatures vanquished

Notes
Turn   | Place    | Note
-------+----------+-------------------------------------------
     0 | D:1      | boopmooplesden the Gargoyle Fighter began the quest for the
                  | Orb.
     0 | D:1      | Reached XP level 1. HP: 14/14 MP: 1/1
   167 | D:1      | Reached XP level 2. HP: 19/19 MP: 2/2
   440 | D:1      | Reached XP level 3. HP: 11/23 MP: 3/3
   943 | D:2      | You fall into a shaft and drop 2 floors!
   982 | D:4      | Reached skill level 4 in Shields
   982 | D:4      | Reached XP level 4. HP: 25/29 MP: 4/4
  1019 | D:4      | Noticed a bullfrog
  1033 | D:4      | Killed a bullfrog
  1034 | D:4      | Reached skill level 1 in Dodging
  1034 | D:4      | Reached XP level 5. HP: 30/33 MP: 5/5
  1254 | D:3      | Reached XP level 6. HP: 24/38 MP: 6/6
  1376 | D:3      | Found a glowing drain.
  1381 | Sewer    | Entered a sewer
  1595 | Sewer    | Reached skill level 5 in Shields
  1841 | Sewer    | Reached XP level 7. HP: 37/43 MP: 7/7
  1982 | Sewer    | Reached skill level 5 in Maces & Flails
  2541 | D:3      | Found a burning altar of Makhleb.
  2935 | D:3      | Found a glowing golden altar of the Shining One.
  3062 | D:3      | Became a worshipper of Makhleb the Destroyer
  3423 | D:2      | Found an ornate altar of the Wu Jian Council.
  3856 | D:4      | Reached skill level 6 in Shields
  3856 | D:4      | Reached XP level 8. HP: 35/48 MP: 8/8
  4231 | D:5      | Entered Level 5 of the Dungeon
  4246 | D:5      | Reached * piety under Makhleb
  4383 | D:5      | Reached skill level 5 in Armour
  4621 | D:5      | Found a bloodstained altar of Trog.
  5095 | D:5      | Reached ** piety under Makhleb
  5304 | D:5      | Reached skill level 1 in Stealth
  5304 | D:5      | Reached XP level 9. HP: 53/53 MP: 9/9
  5314 | D:5      | Found a staircase to the Ecumenical Temple.
  5425 | D:5      | Reached skill level 7 in Shields
  5590 | D:5      | Found a hazy altar of Hepliaklqana.
  5858 | D:6      | Reached skill level 5 in Fighting
  6661 | D:6      | Found a sparkling altar of Nemelex Xobeh.
  7964 | D:7      | You fall into a shaft and drop 2 floors!
  7975 | D:9      | Got a crude pewter ring
  7976 | D:9      | Identified the ring "Toabbe Zutt" {+Blink rC+ SInv} (You
                  | found it on level 9 of the Dungeon)
  8393 | D:8      | Reached skill level 8 in Shields
  8393 | D:8      | Reached XP level 10. HP: 34/60 MP: 10/10
  8956 | D:7      | Reached *** piety under Makhleb
  9622 | D:9      | Reached skill level 9 in Shields
 10080 | D:9      | Got a shadowed robe
 10081 | D:9      | Identified the +1 robe "Zitul" {rCorr} (You found it on
                  | level 9 of the Dungeon)
 10182 | D:10     | Entered Level 10 of the Dungeon
 10200 | D:10     | Found an opulent altar of Gozag.
 10435 | D:10     | Reached **** piety under Makhleb
 10976 | D:10     | Reached skill level 10 in Shields
 11020 | D:10     | Found an opulent altar of Gozag.
 11117 | D:10     | Noticed a two-headed ogre
 11127 | D:10     | Killed a two-headed ogre
 11128 | D:10     | Reached skill level 10 in Maces & Flails
 11128 | D:10     | Reached XP level 11. HP: 66/66 MP: 11/11
 11397 | D:11     | Noticed a six-headed hydra
 11421 | D:11     | Killed a six-headed hydra
 11426 | D:11     | Reached skill level 11 in Shields
 11433 | D:11     | Reached ***** piety under Makhleb
 11442 | D:11     | Noticed a two-headed ogre
 11455 | D:11     | Killed a two-headed ogre
 11568 | D:11     | Found a gate leading to a gauntlet.
 11590 | Gauntlet | Entered a Gauntlet
 11590 | Gauntlet | Found a transporter.
 11593 | Gauntlet | Found a transporter.
 11607 | Gauntlet | Found a transporter.
 11615 | Gauntlet | Noticed a dire elephant
 11640 | Gauntlet | Killed from afar by a hell hound

Illustrated notes

Levels and vault maps discovered:
D:1:      saegor_arrival_simple_a, layout_basic
D:2:      layout_basic, marbit_many_paths, minmay_pentomino_x4
D:3:      layout_basic, nicolae_tso_swordbearing_angel, old_standard_altar,
          lightli_sewer_entry_pipes
D:4:      layout_basic, minmay_diced_spiral
D:5:      minmay_angry_zag, layout_cave_pods, nzn_hepliaklqana_mist_gate,
          lemuel_crystal_altar, minmay_temple_entry_tees, minmay_lizard_king
D:6:      layout_basic, old_standard_altar, serial_co_window_serial,
          co_window_paths_a, co_window_corner_a, co_window_cross_1,
          co_window_paths_a, co_window_corner_a, co_window_broadway_c,
          co_window_broadway_c, co_window_2corner, co_window_cross_2,
          co_window_4corner_b, co_window_sun, glass_columns_a, glass_columns_b,
          glass_columns_c, glass_columns_b, glass_columns_a
D:7:      layout_basic, minmay_fire_ice_demons
D:8:      layout_loops_ring
D:9:      minmay_chambers_of_sevens, layout_rooms, roderic_lattice_a,
          st_stairs_1
D:10:     layout_irregular_city, basic_altar, amcnicky_mini_corridor_feature,
          nicolae_gozag_cash_rules_everything_around_me
D:11:     layout_rooms, erik_lair_island, orc_0_dummy, gauntlet_entry_generic,
          st_stairs_5
Gauntlet: minmay_gauntlet_mixed_oops_all_seconds [minmay_gauntlet_arena_77_box,
          nicolae_gauntlet_arena_flowing_pool,
          minmay_gauntlet_arena_77_run_for_it,
          gammafunk_gauntlet_arena_arrow_garden, minmay_gauntlet_arena_77_fan,
          gammafunk_gauntlet_arena_split_diamond, gauntlet_exit_hidden_loot]

Skill      XL: |  1  2  3  4  5  6  7  8  9 10 11 |
---------------+----------------------------------+-----
Shields        | 4 5 6 8 10 11 | 11.4
Maces & Flails | 3 4 5 7 9 10 | 10.6
Dodging        | 1 2 3 4 |  4.7
Armour         | 4 5 6 7 |  7.6
Fighting       | 4 5 6 7 |  7.3
Stealth        | 1 |  1.9
Evocations     | |  0.2

Action                   |  1- 3 |  4- 6 |  7- 9 | 10-12 || total
-------------------------+-------+-------+-------+-------++-------
Melee: Flail             |   144 |   241 |   747 |   590 ||  1722
Evoke: Wand              |       |       |     5 |       ||     5
  Use: Scroll            |       |       |     8 |     2 ||    10
Armor: Scale mail        |   137 |   144 |   360 |   262 ||   903
Dodge: Dodged            |    83 |   100 |   247 |   256 ||   686
Block: Kite shield       |   123 |   161 |   476 |   690 ||  1450
       Reflection        |       |       |       |    21 ||    21
